Map: Ascension to Aiur LE

Players

Kunamatata

  • Race: Terran Terran
  • League: Master
  • Spawn Location: 5:00

A.I. 1 (Very Easy) - Winner!

  • Race: Terran Terran
  • Spawn Location: 11:00

VOD

Have the link to the VOD?

Description

Time

  • Played on: Jan. 20, 2018, 6 a.m.
  • Length: 6:20
Show
View Real Time Build Order
Export as new Build Order

Kunamatata Terran 

Build Orders: Cyclone Opening, Reaper Expand 

Get SALT Encoding   

  12  0:01  SCV  
  13  0:13  SCV  
  14  0:17  Supply Depot  
  14  0:25  SCV  
  14  0:28  Refinery  
  15  0:39  SCV  
  16  0:45  Barracks  
  16  0:51  SCV  
  17  1:03  SCV  
  18  1:15  SCV  
  19  1:31  Orbital Command  
  19  1:32  Reaper  
  20  1:44  Command Center  
  20  1:53  Factory  
  20  1:57  SCV  
  21  2:03  Refinery  
  21  2:06  Reaper  
  22  2:12  Supply Depot  
  22  2:14  SCV  
  23  2:34  SCV  
  24  2:37  Cyclone, Barracks  
  27  2:44  Barracks Reactor  
  27  2:46  SCV  
  28  2:55  Orbital Command  
  28  2:58  SCV  
  29  3:09  Cyclone  
  29  3:12  SCV  
  33  3:16  Engineering Bay  
  33  3:21  SCV  
  33  3:23  Marine x2  
  33  3:24  SCV  
  33  3:26  Barracks Tech Lab  
  37  3:33  SCV  
  38  3:36  SCV  
  38  3:37  Supply Depot  
  39  3:42  Marine x2  
  39  3:45  Stimpack  
  39  3:47  SCV  
  42  3:49  Terran Infantry Weapons Level 1  
  42  3:51  SCV  
  43  3:59  SCV  
  43  4:00  Marine x3  
  47  4:03  SCV  
  47  4:06  Starport  
  48  4:11  Supply Depot  
  48  4:12  Factory Reactor, SCV  
  48  4:15  SCV  
  50  4:18  Marine x2  
  50  4:20  Marine  
  50  4:24  SCV, Refinery  
  54  4:28  Supply Depot  
  54  4:33  SCV  
  54  4:36  SCV, Marine x2  
  54  4:38  Marine  
  59  4:45  SCV  
  60  4:48  SCV, Supply Depot  
  60  4:50  Supply Depot  
  60  4:51  Medivac  
  63  4:55  Medivac  
  63  4:56  Factory Tech Lab  
  63  4:57  SCV  
  63  4:59  Marine x2  
  66  5:00  SCV  
  66  5:01  Marine  
  70  5:10  SCV  
  70  5:12  SCV  
  72  5:15  Siege Tank, Supply Depot  
  72  5:18  Marine x2  
  72  5:19  Marine  
  80  5:31  SCV  
  80  5:33  Refinery  
  79  5:37  Marine x2  
  79  5:38  Supply Depot  
  79  5:39  Marine  
  79  5:41  Command Center  
  83  5:48  Engineering Bay  
  83  5:49  Armory  
  82  5:54  SCV x2  
  86  6:06  SCV  
  86  6:07  SCV  
  92  6:18  Supply Depot  
Show
View Real Time Build Order
Export as new Build Order

A.I. 1 (Very Easy) Terran - Winner!

Build Orders:  

Get SALT Encoding   

  12  0:00  SCV  
  13  0:13  SCV  
  14  0:19  Supply Depot  
  14  0:37  Refinery  
  14  0:42  Barracks  
  14  1:04  Supply Depot  
  14  1:12  Refinery  
  14  1:29  SCV  
  14  1:30  Marine  
  16  1:41  SCV  
  17  1:54  SCV  
  18  2:01  Marine  
  19  2:06  SCV  
  20  2:18  SCV  
  21  2:30  SCV  
  21  2:31  Marine  
  23  2:43  Orbital Command  
  23  4:02  SCV  
  23  4:42  SCV  
  23  5:42  SCV, Marine  
  25  5:45  Supply Depot  
  25  5:48  Factory  
  25  5:59  SCV  
Tags
 
Add a new tag
Caveats
  • Supply blocks, unpowered buildings, or Contaminate may cause inaccurate times.
  • Supply counts are checked every 10 seconds.